 Dungeon Crawl Stone Soup version 0.25-a0-404-gc1b5a34292 (webtiles) character file.

Game seed: 1223953278200866158, levelgen mode: deterministic

6796 Gargoyl the Cleaver (level 10, 0/91 HPs)
             Began as a Centaur Abyssal Knight on Jan 10, 2020.
             Was a High Priest of Lugonu.
             Slain by a killer bee (1 damage)
             ... on level 10 of the Dungeon.
             The game lasted 00:17:43 (15409 turns).

Gargoyl the Cleaver (Centaur Abyssal Knight)       Turns: 15409, Time: 00:17:43

Health: 0/91       AC: 16    Str: 16    XL:     10   Next: 76%
Magic:  15/15      EV:  6    Int: 16    God:    Lugonu [*****.]
Gold:   629        SH:  0    Dex: 11    Spells: 9/9 levels left

rFire    + + .     SeeInvis .   B - +3 executioner's axe (venom)
rCold    + . .     Gourm    +   (shield currently unavailable)
rNeg     . . .     Faith    .   j - +2 chain mail {rC+}
rPois    +         Spirit   .   (no helmet)
rElec    .         Reflect  .   i - +0 cloak
rCorr    .         Harm     .   A - +0 pair of gloves
MR       .....                  (no barding)
Stlth    ..........             r - amulet of the gourmand
HPRegen  0.25/turn              q - ring of protection from fire
MPRegen  0.14/turn              n - ring of Levity {rPois rF+ Int+3}

@: lethally poisoned (0 -> -1), very quick
A: large, hooves 3, molten scales 1, clever 1, deformed body, speed 2, robust 1,
tough skin 3, MP-powered wands
a: Depart the Abyss, Bend Space, Banish, Corrupt, Enter the Abyss, Renounce
Religion


You were on level 10 of the Dungeon.
You worshipped Lugonu.
Lugonu was extremely pleased with you.
You were hungry.

You visited 2 branches of the dungeon, and saw 11 of its levels.
You visited the Abyss 1 time.
You also visited: Sewer.

You collected 629 gold pieces.

Inventory:

Hand Weapons
 a - a +6 hand axe
 B - a +3 executioner's axe of venom (weapon)
Missiles
 e - 17 javelins (quivered)
 t - 12 boomerangs
Armour
 g - a +2 ring mail of fire resistance
 i - a +0 cloak (worn)
 j - a +2 chain mail of cold resistance (worn)
 l - a +0 buckler
 A - a +0 pair of gloves (worn)
Jewellery
 n - the ring of Levity (right hand) {rPois rF+ Int+3}
   (You found it on level 4 of the Dungeon)

   [ring of protection from fire]

   It affects your intelligence (+3).
   It protects you from fire.
   It protects you from poison.
 q - a ring of protection from fire (left hand)
 r - an amulet of the gourmand (around neck)
 v - an uncursed ring of positive energy
Wands
 s - a wand of polymorph (9)
 x - a wand of acid (8)
Scrolls
 h - 8 scrolls of remove curse
 m - 3 scrolls of identify
 y - 5 scrolls of fog
Potions
 b - 2 potions of agility
 d - 2 potions of magic
 f - 3 potions of brilliance
 k - a potion of mutation
 o - 2 potions of lignification
 p - 4 potions of might {unknown}
 u - 2 potions of flight {unknown}
 w - 3 potions of curing
 z - 2 potions of heal wounds
 C - a potion of haste
Comestibles
 c - 21 rations


   Skills:
 + Level 6.0 Fighting
 + Level 8.7 Axes
 + Level 1.6 Throwing
 * Level 6.8 Armour
 * Level 4.5 Dodging
 + Level 0.2 Shields
 * Level 7.4 Invocations
 + Level 1.2 Evocations


You had 9 spell levels left.
You didn't know any spells.
Your spell library contained the following spells:

 Spells                   Type           Power        Failure   Level  Hunger
 Shock                    Conj/Air       #...         98%         1    ##.....
 Swiftness                Chrm/Air       #.......     99%         2    ###....
 Confusing Touch          Hex            #.......     100%        3    ####...
 Gell's Gravitas          Tloc           #.........   100%        3    ####...
 Static Discharge         Conj/Air       #.......     100%        3    ####...
 Airstrike                Air            #.........   100%        4    #####..
 Petrify                  Tmut/Erth      #.......     100%        4    #####..
 Lightning Bolt           Conj/Air       #.........   100%        5    ######.
 Metabolic Englaciation   Hex/Ice        #.........   100%        5    ######.
 Yara's Violent Unravell  Hex/Tmut       #.........   100%        5    ######.


Dungeon Overview and Level Annotations

Branches:
Dungeon (10/15)            Temple (1/1) D:5           Sewer (visited)
   Lair: D:8-11         Orc: D:9-12

Altars:
Ashenzari
Cheibriados
Dithmenos
Elyvilon
Fedhas
Gozag
Hepliaklqana
Nemelex Xobeh
Okawaru
Qazlal
Sif Muna
Trog
Uskayaw
Wu Jian
Xom
Yredelemnul
Zin
The Shining One

Shops:
D:4 }

Annotations:
D:4 exclusion: oklob plant


Innate Abilities, Weirdness & Mutations

You have hooves in place of feet.
Armour fits poorly on your strangely shaped body.
You cover ground very quickly.
You have extremely tough skin. (AC +3)
You are partially covered in molten scales. (AC +2)
Your mind is acute. (Int +2)
You are robust. (+10% HP)
You expend magic power (3 MP) to strengthen your wands.


Message History

The crimson imp barely misses you. The killer bee closely misses you.
Unknown command.
You closely miss the killer bee.
The killer bee is moderately wounded.
You closely miss the crimson imp.
You feel sick. The killer bee closely misses you.
The crimson imp closely misses you. The killer bee closely misses you.
The crimson imp hits you.
* * * LOW HITPOINT WARNING * * *
The killer bee stings you.
* * * LOW HITPOINT WARNING * * *
You miss the killer bee. Your kick misses the killer bee.
The killer bee is moderately wounded.
You slash the crimson imp!
You kill the crimson imp!
Lugonu accepts your kill.
You feel sick. The killer bee stings you.
* * * LOW HITPOINT WARNING * * *
The killer bee stings you but does no damage.
The killer bee stings you.
You die...

#.... #......#.... .
#......#.... ..
......#...##### ##
...##.....#...#...# #.
..........#...#...# #.
..........#...#...# #.
).....y†..#...#...# #.
......†@..#...#...#####.
....#.(..(#.............
....................(...
................).......
................()......
........................
########################


You could see a killer bee.

Vanquished Creatures
  A death knight (D:9)
  A two-headed ogre (D:6)
  A gargoyle (D:10)
  A centaur skeleton (D:9)
  Sigmund (D:5)
  3 sky beasts
  3 orc warriors (D:8)
  A black bear (D:10)
  2 phantoms
  2 ogres
  3 centaurs
  A big kobold (D:8)
  2 bullfrogs
  A scorpion (D:5)
  7 killer bees
  6 wights
  8 howler monkeys
  11 crimson imps
  2 quasits (D:9)
  3 hounds (D:8)
  7 jellies
  2 orc priests
  Crazy Yiuf (D:3)
  4 orc wizards
  3 bullfrog skeletons
  2 iguanas
  11 worker ants
  3 hound zombies
  3 worker ant zombies
  A howler monkey skeleton (D:4)
  15 adders
  4 river rats (Sewer)
  A shadow imp (D:9)
  2 white imps (D:9)
  6 oozes
  2 adder zombies (D:5)
  2 adder skeletons
  2 worms
  2 dart slugs (D:1)
  6 leopard geckos
  27 orcs
  3 bats
  10 giant cockroaches
  2 gnoll zombies (D:5)
  9 goblins
  10 hobgoblins
  11 jackals
  5 quokkas
  8 ball pythons
  8 frilled lizards
  27 kobolds
  A leopard gecko zombie (D:8)
  25 rats
285 creatures vanquished.

Vanquished Creatures (others)
  A goblin (D:1)
  4 starspawn tentacles (Abyss:1)
  17 toadstools (D:4)
22 creatures vanquished.

Grand Total: 307 creatures vanquished

Notes
Turn   | Place    | Note
-------+----------+-------------------------------------------
     0 | Abyss:1  | Gargoyl the Centaur Abyssal Knight began the quest for the
                  | Orb.
     0 | Abyss:1  | Reached XP level 1. HP: 19/19 MP: 2/2
    52 | Abyss:1  | Noticed a large abomination
   133 | Abyss:1  | Noticed a tentacled starspawn
   178 | D:1      | Escaped the Abyss
   215 | D:1      | Reached * piety under Lugonu
   219 | D:1      | Reached XP level 2. HP: 17/26 MP: 3/3
   445 | D:1      | Reached skill level 1 in Dodging
   507 | D:1      | Reached skill level 2 in Axes
   604 | D:1      | Reached XP level 3. HP: 30/31 MP: 4/4
   607 | D:1      | Reached ** piety under Lugonu
  1283 | D:2      | Reached XP level 4. HP: 37/39 MP: 5/5
  1917 | D:2      | Found a faded altar of an unknown god.
  2846 | D:3      | Found a runed translucent door.
  2847 | D:3      | Noticed Crazy Yiuf
  3143 | D:3      | Found a sparkling altar of Nemelex Xobeh.
  3217 | D:3      | Reached XP level 5. HP: 33/46 MP: 7/7
  3498 | D:3      | Gained mutation: You are occasionally teleported next to
                  | monsters. [potion of mutation]
  3498 | D:3      | Gained mutation: You are partially covered in molten
                  | scales. (AC +2) [potion of mutation]
  3498 | D:3      | Gained mutation: Your flesh is heat resistant. (rF+)
                  | [potion of mutation]
  3625 | D:3      | Killed Crazy Yiuf
  4291 | D:4      | Found Oruongi's Gadget Boutique.
  4318 | D:4      | Reached *** piety under Lugonu
  4392 | D:4      | Found a snail-covered altar of Cheibriados.
  4401 | D:4      | Got a smoking copper ring
  4585 | D:4      | Reached skill level 3 in Axes
  4677 | D:4      | Found an iron altar of Okawaru.
  4677 | D:4      | Found a stormy altar of Qazlal.
  4680 | D:4      | Found a hide-covered altar of Uskayaw.
  5006 | D:4      | Found a blossoming altar of Fedhas.
  5029 | D:4      | Noticed an oklob plant
  5169 | D:4      | Reached XP level 6. HP: 20/52 MP: 8/8
  5435 | D:4      | Identified the ring of Levity {rPois rF+ Int+3} (You found
                  | it on level 4 of the Dungeon)
  5751 | D:5      | Entered Level 5 of the Dungeon
  5779 | D:5      | Found a staircase to the Ecumenical Temple.
  5825 | Temple   | Entered the Ecumenical Temple
  5980 | D:5      | Reached XP level 7. HP: 48/59 MP: 9/9
  6443 | D:5      | Reached skill level 4 in Axes
  6563 | D:5      | Found an iron altar of Okawaru.
  6729 | D:5      | Noticed Sigmund
  6740 | D:5      | Killed Sigmund
  6740 | D:5      | Reached XP level 8. HP: 66/67 MP: 11/11
  6905 | D:5      | Found a basalt altar of Yredelemnul.
  7058 | D:6      | Found a shattered altar of Ashenzari.
  7097 | D:6      | Found an opulent altar of Gozag.
  7142 | D:6      | Found a shimmering blue altar of Sif Muna.
  7199 | D:6      | Found a glowing drain.
  7210 | Sewer    | Entered a sewer
  7242 | Sewer    | Reached **** piety under Lugonu
  8030 | D:6      | Reached skill level 5 in Axes
  8760 | D:7      | Noticed a two-headed ogre
  8800 | D:6      | Killed a two-headed ogre
  8800 | D:6      | Reached skill level 6 in Axes
  8800 | D:6      | Reached skill level 1 in Throwing
  8800 | D:6      | Reached skill level 5 in Invocations
  8936 | D:7      | Reached XP level 9. HP: 39/73 MP: 13/13
  9038 | D:7      | Lost mutation: Your flesh is heat resistant. (rF+) [potion
                  | of mutation]
  9038 | D:7      | Lost mutation: You are occasionally teleported next to
                  | monsters. [potion of mutation]
  9038 | D:7      | Gained mutation: You are robust. (+10% HP) [potion of
                  | mutation]
  9038 | D:7      | Gained mutation: Your mind is acute. (Int +2) [potion of
                  | mutation]
  9038 | D:7      | Gained mutation: You expend magic power (3 MP) to
                  | strengthen your wands. [potion of mutation]
  9223 | D:7      | Reached skill level 5 in Armour
  9273 | D:7      | Reached skill level 5 in Fighting
  9314 | D:7      | You fall into a shaft and drop 3 floors!
  9314 | D:10     | Entered Level 10 of the Dungeon
  9429 | D:9      | Noticed a two-headed ogre
  9461 | D:9      | Banished a two-headed ogre
  9461 | D:9      | Reached skill level 1 in Evocations
  9866 | D:9      | Reached skill level 7 in Axes
 11685 | D:8      | Reached XP level 10. HP: 26/89 MP: 15/15
 12088 | D:8      | Reached ***** piety under Lugonu
 13456 | D:9      | Identified a scroll of acquirement
 14007 | D:9      | Noticed a death knight
 14340 | D:9      | Killed a death knight
 14340 | D:9      | Reached skill level 8 in Axes
 14940 | D:10     | Noticed a gargoyle
 15275 | D:10     | Killed a gargoyle
 15409 | D:10     | HP: 1/91 [killer bee (5)]
 15409 | D:10     | Slain by a killer bee

Levels and vault maps discovered:
D:1:      mainiacjoe_arrival_reflecting_pool, layout_rooms,
          minmay_misc_feat_hallway
D:2:      layout_loops_ring, chequers_ecumenical_altar_grove,
          grunt_ministairs_10
D:3:      layout_loops_corners, lemuel_coloured_pillars_altar, first_ration,
          uniq_crazy_yiuf_cottage
D:4:      layout_basic, minitemple, serial_shops, kennysheep_mini_moat,
          tgw_fedhas
D:5:      layout_loops_cross, lemuel_zombie_altar_yredelemnul,
          minmay_temple_entry_statues_fountains, kennysheep_okawaru_gauntlet,
          uniq_sigmund
D:6:      layout_basic, kennysheep_mini, kennysheep_little_box,
          nicolae_ashenzari_panopticon, portal_sewer_entry_d,
          chequers_decorated_corner, dk_noncrumbling_2
D:7:      layout_rooms, corexii_checkpoint_a
D:8:      minmay_imperfect_grid, layout_basic
D:9:      layout_stronghold, hangedman_little_slice_of_home, minmay_nine_imps
D:10:     layout_grid_maze, dpeg_lair_monsters, bh_circular_ruins, uniq_grum
Temple:   nicolae_temple_x_marks_the_god

Skill      XL: |  1  2  3  4  5  6  7  8  9 10 |
---------------+-------------------------------+-----
Dodging        | 1 2 3 4 |  4.5
Axes           | 2 3 4 6 7 8 |  8.7
Armour         | 2 3 4 5 6 |  6.8
Invocations    | 3 4 5 6 7 |  7.4
Fighting       | 4 5 6 |  6.0
Throwing       | 1 |  1.6
Evocations     | 1 |  1.2
Shields        | |  0.2

Action                   |  1- 3 |  4- 6 |  7- 9 | 10-12 || total
-------------------------+-------+-------+-------+-------++-------
Melee: Hand axe          |   107 |   244 |   341 |   160 ||   852
       Kick              |    22 |    42 |    93 |    45 ||   202
       Executioner's axe |       |       |       |    85 ||    85
Throw: Javelin           |       |     5 |     4 |    16 ||    25
Invok: Depart the Abyss  |     1 |       |       |       ||     1
       Banish            |       |       |     1 |     1 ||     2
Evoke: Wand              |       |     1 |     7 |       ||     8
  Use: Scroll            |     5 |     9 |    10 |     3 ||    27
       Potion            |     2 |     1 |     2 |     7 ||    12
  Eat: Chunk             |       |    10 |    13 |     9 ||    32
       Ration            |       |     1 |     1 |       ||     2
Armor: Leather armour    |     7 |       |       |       ||     7
       Ring mail         |    29 |   129 |    75 |       ||   233
       Chain mail        |       |       |   114 |   284 ||   398
       Skin              |       |       |       |     2 ||     2
Dodge: Dodged            |    47 |   131 |   134 |   139 ||   451
Block: Buckler           |       |       |       |     5 ||     5

Table legend:
 A = Non-vault XP
 B = Vault XP
 C = Vault XP percentage of total XP
 D = Non-vault monster count
 E = Vault monster count
 F = Vault count percentage of total count
                 A         B        C        D         E       F
            +---------+---------+-------+---------+---------+-------
      Total |    7388 |    2321 |  23.9 |     191 |      96 |  33.4
            +---------+---------+-------+---------+---------+-------
        D:1 |      59 |       0 |   0.0 |      31 |       0 |   0.0
        D:2 |      75 |      15 |  16.7 |      17 |       2 |  10.5
        D:3 |      50 |      40 |  44.4 |      15 |       1 |   6.2
        D:4 |     168 |       0 |   0.0 |      20 |       0 |   0.0
        D:5 |     810 |     227 |  21.9 |      27 |       3 |  10.0
        D:6 |    1192 |      14 |   1.2 |       7 |       1 |  12.5
        D:7 |     480 |       5 |   1.0 |      12 |       2 |  14.3
        D:8 |     483 |    1361 |  73.8 |      16 |      21 |  56.8
        D:9 |    2875 |     545 |  15.9 |      26 |      18 |  40.9
       D:10 |    1196 |       0 |   0.0 |      20 |       0 |   0.0
      Sewer |       0 |     114 | 100.0 |       0 |      48 | 100.0
            +---------+---------+-------+---------+---------+-------
